MLB
MONTREAL EXPOS @ SEATTLE MARINERS
04/25/2044
 
TOP OF THE 1ST
Montreal Expos batting - Pitching for Seattle Mariners : RHP William de Jesus
Pitching: RHP William de Jesus
Batting: RHB Robby Juarez 0-0: Called Strike
0-1: Ball
1-1: Foul Ball, location: 2F
1-2: SINGLE (Groundball, 56D, EV 97.5 MPH)
Batting: SHB Bran Stark 0-0: Called Strike
0-1: Ball
1-1: Foul Ball, location: 2F
1-2: Foul Ball, location: 2F
1-2: Ball
2-2: SINGLE (Groundball, 6MS, EV 74.4 MPH) (infield hit)
Robby Juarez to second
Batting: RHB Mike Salmon 0-0: Called Strike
0-1: 3-RUN HOME RUN (Line Drive, 7LD, EV 94.4 MPH), Distance : 353 ft
Batting: LHB Steve Anderson 0-0: Ball
1-0: Ball
2-0: Foul Ball, location: 2F
2-1: Swinging Strike
2-2: Ball
3-2: Strikes out looking
Batting: RHB Martin Chavez 0-0: Ball
1-0: Swinging Strike
1-1: Ball
2-1: Swinging Strike
2-2: Fly out, F8 (Flyball, 8RD, EV 106.3 MPH)
Batting: RHB Wen-hua Lei 0-0: Called Strike
0-1: Ground out 5-3 (Groundball, 25, EV 83.8 MPH)
Top of the 1st over - 3 runs, 3 hits, 0 errors, 0 left on base; Montreal 3 - Seattle 0
BOTTOM OF THE 1ST
Seattle Mariners batting - Pitching for Montreal Expos : LHP Kyle Schlosschlonghair
Pitching: LHP Kyle Schlosschlonghair
Batting: RHB Jose Vasquez 0-0: Called Strike
0-1: Reached via error on a dropped throw from P, E3 (Groundball, 15S, EV 67.5 MPH)
Batting: RHB Steve Bartman Jr. 0-0: Ball
1-0: Ball
2-0: Foul Ball, location: 2F
2-1: Ball
3-1: Fly out, F8 (Flyball, 8RM, EV 79.4 MPH)
Batting: SHB Floyd-William Goof 0-0: Ball
Jose Vasquez is caught stealing 2nd base 2-4
1-0: Swinging Strike
1-1: SINGLE (Groundball, 25, EV 66.9 MPH) (infield hit)
Batting: SHB Tze-meng Gan 0-0: Ball
1-0: Called Strike
Floyd-William Goof steals 2nd, throwing error, E2
Floyd-William Goof to third
1-1: Ground out 6-3 (Groundball, 6, EV 108.1 MPH)
Bottom of the 1st over - 0 runs, 1 hit, 2 errors, 1 left on base; Montreal 3 - Seattle 0
TOP OF THE 2ND
Montreal Expos batting - Pitching for Seattle Mariners : RHP William de Jesus
Batting: RHB John Ham 0-0: Ball
1-0: Called Strike
1-1: Called Strike
1-2: Ball
2-2: Ball
3-2: Base on Balls
Batting: SHB Hans Mikkelsen 0-0: Swinging Strike
0-1: Ball
1-1: Ball
2-1: Foul Ball, location: 2F
2-2: Hit by Pitch
John Ham to second
Batting: RHB Jesse Basich 0-0: Grounds into double play, 5-4-3 (Groundball, 56S, EV 83.1 MPH)
John Ham to third
Batting: RHB Robby Juarez 0-0: Foul Ball, location: 2F
0-1: Called Strike
0-2: Ball
1-2: Foul Ball, location: 2F
1-2: Foul Ball, location: 2F
1-2: Ground out 4-3 (Groundball, 4, EV 86.3 MPH)
Top of the 2nd over - 0 runs, 0 hits, 0 errors, 1 left on base; Montreal 3 - Seattle 0
BOTTOM OF THE 2ND
Seattle Mariners batting - Pitching for Montreal Expos : LHP Kyle Schlosschlonghair
Batting: SHB Nelson Powell 0-0: Ball
1-0: Foul Ball, location: 2F
1-1: SINGLE (Groundball, 56, EV 108.1 MPH) (infield hit)
Batting: LHB Bi-jun Chien 0-0: Ball
1-0: Ball
2-0: Swinging Strike
2-1: Fly out, F7 (Flyball, 7S, EV 83.8 MPH)
Batting: RHB Corey Ottinger 0-0: Ball
1-0: Ball
2-0: Ball
3-0: Called Strike
3-1: Called Strike
3-2: Base on Balls
Nelson Powell to second
Batting: RHB Leon Alders 0-0: Ball
1-0: Ball
2-0: Ball
3-0: Base on Balls
Nelson Powell to third
Corey Ottinger to second
Batting: LHB Dae-ik Yoon 0-0: Called Strike
0-1: Ball
1-1: Foul Ball, location: 2F
1-2: Fly out, F8 (Flyball, 89D, EV 86.9 MPH)
Runner from 3rd tags up, SCORES, no throw by CF
Batting: RHB Jose Vasquez 0-0: Ball
Passed Ball!
Corey Ottinger to third
Leon Alders to second
1-0: Ball
2-0: SINGLE (Groundball, 25, EV 68.1 MPH) (infield hit)
Corey Ottinger scores
Leon Alders to third
Batting: RHB Steve Bartman Jr. 0-0: Swinging Strike
0-1: Ball
1-1: Fielders Choice at 2nd, U6 (Groundball, 6M, EV 97.5 MPH)
Bottom of the 2nd over - 2 runs, 2 hits, 0 errors, 2 left on base; Montreal 3 - Seattle 2
TOP OF THE 3RD
Montreal Expos batting - Pitching for Seattle Mariners : RHP William de Jesus
Batting: SHB Bran Stark 0-0: Ground out 4-3 (Groundball, 4, EV 86.9 MPH)
Batting: RHB Mike Salmon 0-0: Ball
1-0: Ball
2-0: Called Strike
2-1: Ground out 6-3 (Groundball, 56, EV 103.8 MPH)
Batting: LHB Steve Anderson 0-0: Ball
1-0: Ball
2-0: Foul Ball, location: 2F
2-1: Ball
3-1: Foul Ball, location: 2F
3-2: SINGLE (Groundball, 4M, EV 94.4 MPH) (infield hit)
Batting: RHB Martin Chavez 0-0: Ball
1-0: Ball
2-0: Fly out, F8 (Flyball, 8LD, EV 93.1 MPH)
Top of the 3rd over - 0 runs, 1 hit, 0 errors, 1 left on base; Montreal 3 - Seattle 2
BOTTOM OF THE 3RD
Seattle Mariners batting - Pitching for Montreal Expos : LHP Kyle Schlosschlonghair
Batting: SHB Floyd-William Goof 0-0: Ball
1-0: Fly out, F3 (Popup, 3SF, EV 71.9 MPH)
Batting: SHB Tze-meng Gan 0-0: Ball
1-0: SINGLE (Groundball, 25, EV 64.4 MPH) (infield hit)
Batting: SHB Nelson Powell 0-0: Swinging Strike
0-1: Swinging Strike
0-2: Foul Ball, location: 2F
0-2: Ball
1-2: Ball
2-2: Grounds into double play, 4-6-3 (Groundball, 4, EV 80.6 MPH)
Bottom of the 3rd over - 0 runs, 1 hit, 0 errors, 0 left on base; Montreal 3 - Seattle 2
TOP OF THE 4TH
Montreal Expos batting - Pitching for Seattle Mariners : RHP William de Jesus
Batting: RHB Wen-hua Lei 0-0: Ball
1-0: Called Strike
1-1: Swinging Strike
1-2: Strikes out swinging
Batting: RHB John Ham 0-0: Ball
1-0: Ball
2-0: Called Strike
2-1: Foul Ball, location: 2F
2-2: Strikes out swinging
Batting: SHB Hans Mikkelsen 0-0: Foul Ball, location: 2F
0-1: Foul Ball, location: 2F
0-2: Ball
1-2: Ball
2-2: Foul Ball, location: 2F
2-2: Foul Ball, location: 2F
2-2: Strikes out looking
Top of the 4th over - 0 runs, 0 hits, 0 errors, 0 left on base; Montreal 3 - Seattle 2
BOTTOM OF THE 4TH
Seattle Mariners batting - Pitching for Montreal Expos : LHP Kyle Schlosschlonghair
Batting: LHB Bi-jun Chien 0-0: Ground out 4-3 (Groundball, 4, EV 82.5 MPH)
Batting: RHB Corey Ottinger 0-0: Ball
1-0: Ground out 4-3 (Groundball, 4M, EV 100.0 MPH)
Batting: RHB Leon Alders 0-0: Called Strike
0-1: SINGLE (Line Drive, 34, EV 99.4 MPH)
Batting: LHB Dae-ik Yoon 0-0: Ball
1-0: Ball
Leon Alders steals 2nd base (no throw)
2-0: Called Strike
2-1: Fly out, F7 (Flyball, 7D, EV 109.4 MPH)
Bottom of the 4th over - 0 runs, 1 hit, 0 errors, 1 left on base; Montreal 3 - Seattle 2
TOP OF THE 5TH
Montreal Expos batting - Pitching for Seattle Mariners : RHP William de Jesus
Batting: RHB Jesse Basich 0-0: Swinging Strike
0-1: Ball
1-1: Called Strike
1-2: Foul Ball, location: 2F
1-2: Strikes out swinging
Batting: RHB Robby Juarez 0-0: Foul Ball, location: 2F
0-1: Swinging Strike
0-2: Strikes out swinging, 2-3 out at first.
Batting: SHB Bran Stark 0-0: Foul Ball, location: 2F
0-1: Ball
1-1: Ground out 6-3 (Groundball, 6M, EV 83.1 MPH)
Top of the 5th over - 0 runs, 0 hits, 0 errors, 0 left on base; Montreal 3 - Seattle 2
BOTTOM OF THE 5TH
Seattle Mariners batting - Pitching for Montreal Expos : LHP Kyle Schlosschlonghair
Batting: RHB Jose Vasquez 0-0: Ball
1-0: Called Strike
1-1: Foul Ball, location: 2F
1-2: Foul Ball, location: 2F
1-2: Ball
2-2: Ball
3-2: Foul Ball, location: 2F
3-2: Foul Ball, location: 2F
3-2: Fly out, F3 (Popup, 3SF, EV 82.5 MPH)
Batting: RHB Steve Bartman Jr. 0-0: Ground out 6-3 (Groundball, 6, EV 106.3 MPH)
Batting: SHB Floyd-William Goof 0-0: SINGLE (Line Drive, 89S, EV 104.4 MPH)
Batting: SHB Tze-meng Gan 0-0: Ball
1-0: Swinging Strike
1-1: Called Strike
1-2: Foul Ball, location: 2F
1-2: Fielders Choice at 2nd, 6-4 (Groundball, 6, EV 85.6 MPH)
Bottom of the 5th over - 0 runs, 1 hit, 0 errors, 1 left on base; Montreal 3 - Seattle 2
TOP OF THE 6TH
Montreal Expos batting - Pitching for Seattle Mariners : RHP William de Jesus
Batting: RHB Mike Salmon 0-0: Ball
1-0: Called Strike
1-1: Ball
2-1: DOUBLE (Line Drive, 89XD, EV 107.5 MPH)
Batting: LHB Steve Anderson 0-0: Foul Ball, location: 2F
0-1: Called Strike
0-2: Ground out 1-3 (Groundball, 15S, EV 70.0 MPH)
Pitching: RHP William Cordero
Batting: RHB Martin Chavez 0-0: Foul Ball, location: 2F
0-1: Called Strike
0-2: Fly out, F4 (Line Drive, 4, EV 72.5 MPH)
Batting: RHB Wen-hua Lei 0-0: Ball
1-0: Fly out, F7 (Flyball, 78D, EV 103.1 MPH)
Top of the 6th over - 0 runs, 1 hit, 0 errors, 1 left on base; Montreal 3 - Seattle 2
BOTTOM OF THE 6TH
Seattle Mariners batting - Pitching for Montreal Expos : LHP Kyle Schlosschlonghair
Batting: SHB Nelson Powell 0-0: Foul Ball, location: 2F
0-1: Called Strike
0-2: Ball
1-2: Ground out 5-3 (Groundball, 56S, EV 94.4 MPH)
Batting: LHB Bi-jun Chien 0-0: Swinging Strike
0-1: Foul Ball, location: 2F
0-2: Strikes out looking
Batting: RHB Corey Ottinger 0-0: Called Strike
0-1: Swinging Strike
0-2: Ball
1-2: Ground out 5-3 (Groundball, 56, EV 102.5 MPH)
Bottom of the 6th over - 0 runs, 0 hits, 0 errors, 0 left on base; Montreal 3 - Seattle 2
TOP OF THE 7TH
Montreal Expos batting - Pitching for Seattle Mariners : RHP William Cordero
Batting: RHB John Ham 0-0: Foul Ball, location: 2F
0-1: Ball
1-1: Called Strike
1-2: Strikes out swinging
Batting: SHB Hans Mikkelsen 0-0: SINGLE (Groundball, 4MD, EV 97.5 MPH)
Batting: RHB Jesse Basich 0-0: Called Strike
0-1: Swinging Strike
0-2: Strikes out swinging
Batting: RHB Robby Juarez 0-0: Ball
1-0: Called Strike
1-1: SINGLE (Groundball, 6MS, EV 65.6 MPH) (infield hit)
Hans Mikkelsen to second
Batting: SHB Bran Stark 0-0: Ball
1-0: Called Strike
1-1: Ground out 2-3 (Groundball, 15S, EV 67.5 MPH)
Top of the 7th over - 0 runs, 2 hits, 0 errors, 2 left on base; Montreal 3 - Seattle 2
BOTTOM OF THE 7TH
Seattle Mariners batting - Pitching for Montreal Expos : LHP Kyle Schlosschlonghair
Batting: RHB Leon Alders 0-0: Ground out 6-3 (Groundball, 6, EV 82.5 MPH)
Batting: LHB Dae-ik Yoon 0-0: Ball
1-0: Ground out 4-3 (Groundball, 4, EV 97.5 MPH)
Batting: RHB Jose Vasquez 0-0: Fly out, F9 (Flyball, 9D, EV 88.8 MPH)
Bottom of the 7th over - 0 runs, 0 hits, 0 errors, 0 left on base; Montreal 3 - Seattle 2
TOP OF THE 8TH
Montreal Expos batting - Pitching for Seattle Mariners : RHP William Cordero
Pitching: RHP Elias Gonzalez
Batting: RHB Mike Salmon 0-0: Foul Ball, location: 2F
0-1: Ball
1-1: Called Strike
1-2: Ball
2-2: Foul Ball, location: 2F
2-2: Strikes out swinging
Batting: LHB Steve Anderson 0-0: Swinging Strike
0-1: Swinging Strike
0-2: Ball
1-2: Fly out, F7 (Flyball, 78D, EV 103.1 MPH)
Batting: RHB Martin Chavez 0-0: Ground out U3 (Groundball, 34S, EV 68.8 MPH)
Top of the 8th over - 0 runs, 0 hits, 0 errors, 0 left on base; Montreal 3 - Seattle 2
BOTTOM OF THE 8TH
Seattle Mariners batting - Pitching for Montreal Expos : LHP Kyle Schlosschlonghair
Batting: RHB Steve Bartman Jr. 0-0: Ball
1-0: Foul Ball, location: 2F
1-1: SINGLE (Line Drive, 78S, EV 100.0 MPH)
Batting: SHB Floyd-William Goof 0-0: Ball
1-0: Foul Ball, location: 2F
1-1: Ball
2-1: Fly out, F9 (Flyball, 89D, EV 91.3 MPH)
Batting: SHB Tze-meng Gan 0-0: Ball
1-0: Foul Ball, location: 2F
1-1: Ball
2-1: Ball
3-1: Called Strike
3-2: Foul Ball, location: 2F
3-2: 2-RUN HOME RUN (Flyball, 7D, EV 96.9 MPH), Distance : 378 ft
Batting: SHB Nelson Powell 0-0: Called Strike
0-1: Fly out, F6 (Popup, 6MS, EV 76.9 MPH)
Batting: LHB Bi-jun Chien 0-0: Called Strike
0-1: Ball
1-1: Foul Ball, location: 2F
1-2: Ground out U3 (Groundball, 3L, EV 80.6 MPH)
Bottom of the 8th over - 2 runs, 2 hits, 0 errors, 0 left on base; Montreal 3 - Seattle 4
TOP OF THE 9TH
Montreal Expos batting - Pitching for Seattle Mariners : RHP Elias Gonzalez
Pitching: RHP David Sly
Batting: RHB Wen-hua Lei 0-0: Called Strike
0-1: Ground out 1-3 (Groundball, 13S, EV 69.4 MPH)
Pinch Hitting: LHB Jimmy Buscemi 0-0: Ground out 5-3 (Groundball, 6, EV 105.0 MPH)
Batting: SHB Hans Mikkelsen 0-0: Ball
1-0: Called Strike
1-1: Fly out, F9 (Flyball, 9LD, EV 90.6 MPH)
Top of the 9th over - 0 runs, 0 hits, 0 errors, 0 left on base; Montreal 3 - Seattle 4
Thursday, March 31st , 2022 - OOTP Baseball 22.12 Build 89